 Dungeon Crawl Stone Soup version 0.21-a0-225-g207ae17 (webtiles) character file.

3139 Leszczynek the Grappler (level 9, 0/79 HPs)
             Began as a Troll Skald on Aug 28, 2017.
             Was a Believer of Makhleb.
             Slain by a two-headed ogre
             ... wielding a cursed -3 giant spiked club
              (12 damage)
             ... on level 8 of the Dungeon.
             The game lasted 00:18:39 (3127 turns).

Leszczynek the Grappler (Troll Skald)               Turns: 3127, Time: 00:18:39

Health: 0/79       AC:  8    Str: 21    XL:     9   Next: 61%
Magic:  10/12      EV: 11    Int: 14    God:    Makhleb [**....]
Gold:   297        SH:  0    Dex:  8    Spells: 1/10 levels left

rFire    + + +     SeeInvis .     - Unarmed
rCold    + . .     Gourm    +   (no shield)
rNeg     . . .     Faith    .   a - +0 robe
rPois    .         Spirit   .   (helmet restricted)
rElec    .         Reflect  .   k - +0 cloak
rCorr    .         Harm     .   (gloves unavailable)
MR       +....                  (boots unavailable)
Stlth    ..........             (no amulet)
HPRegen  0.63/turn              f - +3 ring of intelligence
MPRegen  0.13/turn              C - ring of the Louse {rF+++ MR+ Dex-2 Slay+6 Stlth-}

@: no status effects
A: unfitting armour, claws 3, slimy green scales 1, cold resistance 1, fast
metabolism 3, frail 1, gourmand, regeneration 1, shaggy fur 1, tough skin 2
a: Minor Destruction, Renounce Religion


You were on level 8 of the Dungeon.
You worshipped Makhleb.
Makhleb was pleased with you.
You were very full.

You visited 1 branch of the dungeon, and saw 9 of its levels.
You also visited: Bailey.

You collected 297 gold pieces.

Inventory:

Hand Weapons
 x - a +1 morningstar of protection
Missiles
 p - 7 javelins (quivered)
 y - 30 tomahawks of returning
Armour
 a - a +0 robe (worn)
 k - a +0 cloak (worn)
Jewellery
 f - a +3 ring of intelligence (left claw)
 j - an uncursed ring of ice
 o - an uncursed ring of magical power
 C - the ring of the Louse (right claw) {rF+++ MR+ Dex-2 Slay+6 Stlth-}
   (You found it on level 7 of the Dungeon)

   [ring of loudness]

   It affects your dexterity (-2).
   It affects your accuracy and damage with ranged weapons and melee attacks
   (+6).
   It renders you almost immune to fire.
   It affects your resistance to hostile enchantments.
   It makes you less stealthy.
Wands
 m - a wand of lightning (6/15)
 t - a wand of confusion (31/48)
Scrolls
 c - 2 scrolls of enchant armour {unknown}
 e - a scroll of blinking {unknown}
 g - a scroll of teleportation {unknown}
 l - a scroll of immolation {unknown}
 q - 4 scrolls of identify {unknown}
 r - 4 scrolls of remove curse {@r2}
 s - 2 scrolls of recharging {unknown}
 u - a scroll of enchant weapon {unknown}
 v - a scroll of random uselessness {unknown}
Potions
 n - 2 potions of curing {@q1}
 z - a potion of cancellation {unknown}
 A - 3 potions of flight
 B - a potion of brilliance {unknown}
 D - a potion of heal wounds {@q2}
Books
 b - a book of Battle

   Spells                             Type                      Level
   a - Infusion                       Charms                       1
   b - Shroud of Golubria             Charms/Translocation         2
   c - Song of Slaying                Charms                       2
   d - Spectral Weapon                Hexes/Charms                 3
   e - Regeneration                   Charms/Necromancy            3
 h - a book of Geomancy

   Spells                             Type                      Level
   a - Sandblast                      Earth                        1
   b - Passwall                       Transmutation/Earth          2
   c - Stone Arrow                    Conjuration/Earth            3
   d - Petrify                        Transmutation/Earth          4
   e - Lee's Rapid Deconstruction     Earth                        5
Comestibles
 d - 4 bread rations
 i - 6 chunks of flesh
 w - a meat ration


   Skills:
 - Level 5.0 Fighting
 - Level 5.0 Dodging
 - Level 9.0 Unarmed Combat
 - Level 1.2 Spellcasting
 - Level 2.0 Charms
 + Level 5.7 Invocations


You had one spell level left.
You knew the following spells:

 Your Spells              Type           Power        Failure   Level  Hunger
a - Infusion              Chrm           #...         12%         1    ##.....
b - Shroud of Golubria    Chrm/Tloc      #.........   26%         2    ###....
c - Song of Slaying       Chrm           #.......     17%         2    ###....
d - Animate Skeleton      Necr           N/A          26%         1    ##.....
e - Passwall              Tmut/Erth      #.........   36%         2    ###....
A - Apportation           Tloc           #.....       26%         1    ##.....


Dungeon Overview and Level Annotations

Branches:
Dungeon (9/15)             Temple (0/1) D:6
   Lair: D:8-11         Orc: D:9-12

Altars:
Elyvilon
Fedhas
Makhleb
Nemelex Xobeh
Okawaru
Qazlal
Sif Muna
Vehumet
Wu Jian


Innate Abilities, Weirdness & Mutations

You are too large for most types of armour.
You have claws for hands.
Your metabolism is lightning-fast.
You like to eat raw meat.
Your natural rate of healing is unusually fast.
You are covered in fur. (AC +1)
You have very tough skin. (AC +2)
You are partially covered in slimy green scales. (AC +2)
Your flesh is cold resistant. (rC+)
You are frail. (-10% HP)


Message History

Confirm with . or Enter, or press ? or * to list all spells.
Space distorts slightly along a thin shroud covering your body.
Unknown command.
You mangle the two-headed ogre!!
The two-headed ogre is heavily wounded.
The two-headed ogre barely misses you.
The two-headed ogre hits you with a giant club!!
Your shroud falls apart!
You barely miss the two-headed ogre.
The two-headed ogre is heavily wounded.
You claw the two-headed ogre!
The two-headed ogre is severely wounded.
The two-headed ogre hits you with a giant spiked club!!
The two-headed ogre hits you with a giant club!
You claw the two-headed ogre!
The two-headed ogre is almost dead.
The two-headed ogre hits you with a giant spiked club!
* * * LOW HITPOINT WARNING * * *
The two-headed ogre hits you with a giant club!
You die...

#.#...####.........
#..<....##...###..
......#.##...### #
##....#.###..#.. ####.#
.#.#..# . ...#.# #....#
.#....######.#.###.#
...........#.#.#...#
##...###.###.#.#...##
......^#.......#@...###
##
####...........=.O......
..
#...#....#....###......#
##
#.#.####.#.#.......#####
#.... #.#.#..###..#
....# #.#....# #..#
###### #.####.. #..# ..
#.# ##.##..# ## #.#
#.##..#


You could see a two-headed ogre.

Vanquished Creatures
  A hippogriff (D:7)
  Sigmund (D:6)
  2 hungry ghosts (D:9)
  4 porcupines (D:8)
  2 sky beasts
  A black bear (D:8)
  5 orc warriors (Bailey)
  An ice beast (D:5)
  An ogre (D:9)
  A centaur (D:8)
  A crocodile (D:9)
  Blork the orc (D:6)
  3 bullfrogs
  2 howler monkeys (D:5)
  A crimson imp (D:4)
  A centaur zombie (D:8)
  A jelly (D:5)
  A quasit (D:7)
  2 orc priests (D:5)
  Crazy Yiuf (D:3)
  3 hounds
  A gnoll shaman (D:5)
  4 orc wizards (D:5)
  A bullfrog skeleton (D:4)
  4 worker ants
  A hound zombie (D:7)
  A hound skeleton (D:8)
  7 gnolls
  An adder (D:7)
  An adder zombie (D:7)
  An adder skeleton (D:4)
  A worm (D:2)
  A dart slug (D:2)
  3 leopard geckos
  19 orcs
  4 goblins
  2 hobgoblins
  2 jackals (D:8)
  18 kobolds
  2 quokkas (D:6)
  A ball python (D:5)
  2 bats (D:3)
  A frilled lizard (D:1)
  A giant cockroach zombie (D:5)
  A quokka skeleton (D:6)
  3 rats
119 creatures vanquished.

Vanquished Creatures (others)
  4 fungi (D:8)
4 creatures vanquished.

Grand Total: 123 creatures vanquished

Notes
Turn   | Place    | Note
-------+----------+-------------------------------------------
     0 | D:1      | Leszczynek the Troll Skald began the quest for the Orb.
     0 | D:1      | Reached XP level 1. HP: 19/19 MP: 1/1
   182 | D:2      | Reached XP level 2. HP: 27/27 MP: 2/2
   186 | D:2      | Learned a level 2 spell: Shroud of Golubria
   211 | D:2      | Reached skill level 3 in Unarmed Combat
   502 | D:3      | Found a runed door.
   514 | D:3      | Noticed Crazy Yiuf
   535 | D:3      | Killed Crazy Yiuf
   535 | D:3      | Reached skill level 4 in Unarmed Combat
   535 | D:3      | Reached XP level 3. HP: 24/33 MP: 1/3
   619 | D:3      | Found a blossoming altar of Fedhas.
   625 | D:3      | no
   691 | D:4      | Reached XP level 4. HP: 36/41 MP: 4/4
   720 | D:4      | Noticed an ogre
   848 | D:4      | Noticed an ogre
   951 | D:4      | Reached skill level 5 in Unarmed Combat
  1004 | D:4      | Reached XP level 5. HP: 37/48 MP: 5/5
  1049 | D:4      | Found a burning altar of Makhleb.
  1049 | D:4      | Found a radiant altar of Vehumet.
  1076 | D:4      | Became a worshipper of Makhleb the Destroyer
  1115 | D:5      | Entered Level 5 of the Dungeon
  1206 | D:5      | Reached skill level 6 in Unarmed Combat
  1363 | D:5      | Reached XP level 6. HP: 52/55 MP: 6/6
  1392 | D:5      | Noticed a sky beast
  1613 | D:5      | Found a sparkling altar of Nemelex Xobeh.
  1644 | D:5      | Reached skill level 7 in Unarmed Combat
  1657 | D:5      | Killed a sky beast
  1663 | D:5      | Gained mutation: You are clumsy. (Dex -2) [mutagenic meat]
  1664 | D:5      | Gained mutation: Scrolls take you a little longer to read. [mutagenic meat]
  1666 | D:5      | Gained mutation: Your system is resistant to poisons. (rPois) [mutagenic meat]
  1667 | D:5      | Gained mutation: You occasionally shout uncontrollably at your foes. [mutagenic meat]
  1712 | D:5      | Reached XP level 7. HP: 37/62 MP: 7/7
  1771 | D:5      | Found a white marble altar of Elyvilon.
  1792 | D:5      | Reached skill level 8 in Unarmed Combat
  1802 | D:5      | Reached * piety under Makhleb
  1828 | D:5      | Found an iron altar of Okawaru.
  1853 | D:6      | Reached skill level 2 in Fighting
  1870 | D:6      | Learned a level 1 spell: Apportation
  1873 | D:6      | Learned a level 2 spell: Song of Slaying
  1884 | D:6      | Learned a level 1 spell: Animate Skeleton
  1904 | D:6      | Noticed Blork the orc
  1912 | D:6      | Noticed Sigmund
  1928 | D:6      | Killed Blork the orc
  1933 | D:6      | HP: 12/66 [quokka (2)]
  1938 | D:6      | Lost mutation: You occasionally shout uncontrollably at your foes. [potion of mutation]
  1938 | D:6      | Lost mutation: Scrolls take you a little longer to read. [potion of mutation]
  1938 | D:6      | Lost mutation: Your system is resistant to poisons. (rPois) [potion of mutation]
  1938 | D:6      | Lost mutation: You are clumsy. (Dex -2) [potion of mutation]
  1938 | D:6      | Gained mutation: You are partially covered in slimy green scales. (AC +2) [potion of mutation]
  1938 | D:6      | Gained mutation: You are frail. (-10% HP) [potion of mutation]
  1938 | D:6      | Gained mutation: Your flesh is cold resistant. (rC+) [potion of mutation]
  1938 | D:6      | HP: 10/59 [something (7)]
  1943 | D:6      | Killed Sigmund
  1943 | D:6      | Reached skill level 3 in Fighting
  1984 | D:6      | Reached XP level 8. HP: 30/70 MP: 8/8
  1990 | D:6      | Found a staircase to the Ecumenical Temple.
  1999 | D:6      | Learned a level 2 spell: Passwall
  2058 | D:5      | Reached skill level 4 in Fighting
  2251 | D:7      | Noticed a hippogriff
  2258 | D:7      | Killed a hippogriff
  2258 | D:7      | Reached skill level 5 in Fighting
  2258 | D:7      | Reached skill level 9 in Unarmed Combat
  2268 | D:7      | Reached skill level 2 in Dodging
  2352 | D:7      | Found a flagged portal.
  2362 | Bailey   | Entered a bailey
  2454 | Bailey   | Reached ** piety under Makhleb
  2454 | Bailey   | Reached skill level 3 in Dodging
  2468 | Bailey   | Reached skill level 4 in Dodging
  2794 | Bailey   | this must be the shittiest bailey ever
  2861 | D:7      | Reached skill level 1 in Invocations
  2861 | D:7      | Reached XP level 9. HP: 79/79 MP: 9/9
  2869 | D:7      | Got a fine platinum ring
  2871 | D:7      | Identified the ring of the Louse {rF+++ MR+ Dex-2 Slay+6 Stlth-} (You found it on level 7 of the Dungeon)
  2872 | D:7      | huuuuh
  2899 | D:9      | Found a stormy altar of Qazlal.
  2906 | D:9      | Found a deep blue altar of Sif Muna.
  2906 | D:9      | Found an ornate altar of the Wu Jian Council.
  2923 | D:9      | Reached skill level 2 in Invocations
  2938 | D:9      | Reached skill level 5 in Dodging
  2951 | D:8      | Reached skill level 3 in Invocations
  2989 | D:8      | Reached skill level 4 in Invocations
  3013 | D:8      | Reached skill level 5 in Invocations
  3028 | D:8      | Noticed a two-headed ogre
  3127 | D:8      | HP: 12/79 [two-headed ogre/giant spiked club (9)]
  3127 | D:8      | Slain by a two-headed ogre

Vault maps used:
D:1:      evilmike_arrival_rings, minmay_misc_feat_encased, minivault_24,
          minmay_misc_feat_tiny, kennysheep_small_spiral
D:2:      first_bread, minivault_25
D:3:      fedhas_altar_1, corexii_leaking_fountain, uniq_crazy_yiuf_cottage
D:4:      grunt_temple_overflow_lords_of_destruction
D:5:      nicolae_overflow_quartered_altars, gup_sewer_entry_spiral
D:6:      minmay_temple_entry_junction_2, uniq_sigmund, uniq_blork_the_orc,
          uniq_edmund
D:7:      enter_bailey_8
D:8:      due_lair_maze_entry_diamond
D:9:      nicolae_overflow_hidden_temple, serial_shops, shop, hangedman_ranch
Bailey:   bailey_axe_4, bailey

Skill      XL: |  1  2  3  4  5  6  7  8  9 |
---------------+----------------------------+-----
Unarmed Combat | 4 5 6 7 8 9 |  9.0
Fighting       | 3 5 |  5.0
Dodging        | 4 5 |  5.0
Invocations    | 1 5 |  5.7
Spellcasting   | |  1.2
Charms         | |  2.0

Action                   |  1- 3 |  4- 6 |  7- 9 || total
-------------------------+-------+-------+-------++-------
Melee: Unarmed           |    53 |   114 |   221 ||   388
       Punch             |       |     3 |    11 ||    14
 Cast: Shroud of Golubri |     1 |     7 |     5 ||    13
Evoke: Wand              |     1 |       |       ||     1
  Use: Potion            |       |     1 |     6 ||     7
       Scroll            |       |       |     2 ||     2
 Stab: Invisible         |     2 |       |     2 ||     4
  Eat: Chunk             |    11 |    13 |    23 ||    47
Armor: Robe              |    15 |    39 |    79 ||   133
Dodge: Dodged            |    24 |    69 |   109 ||   202

Table legend:
 A = Spawn XP
 B = Non-spawn XP
 C = Spawn XP percentage of total XP
 D = Spawn monster count
 E = Non-spawn monster count
 F = Spawn count percentage of total count
 G = Total turns spent on level
                    A         B        C        D         E        F      G
               +---------+---------+-------+---------+---------+-------+---------
         Total |      37 |    4448 |   0.8 |       2 |     117 |   1.7 |  3127
               +---------+---------+-------+---------+---------+-------+---------
           D:1 |       0 |      10 |   0.0 |       0 |       7 |   0.0 |   113
           D:2 |       0 |      14 |   0.0 |       0 |       5 |   0.0 |   187
           D:3 |       1 |      90 |   1.1 |       1 |       9 |  10.0 |   504
           D:4 |       0 |     146 |   0.0 |       0 |       8 |   0.0 |   466
           D:5 |      36 |     828 |   4.2 |       1 |      30 |   3.2 |   698
           D:6 |       0 |     583 |   0.0 |       0 |       8 |   0.0 |   199
           D:7 |       0 |     378 |   0.0 |       0 |       6 |   0.0 |   282
           D:8 |       0 |    1099 |   0.0 |       0 |      14 |   0.0 |   197
           D:9 |       0 |     576 |   0.0 |       0 |       4 |   0.0 |    48
        Bailey |       0 |     724 |   0.0 |       0 |      26 |   0.0 |   433
               +---------+---------+-------+---------+---------+-------+---------
